 Dungeon Crawl Stone Soup version 0.23.2-1-ga50397a (webtiles) character file.

Game seed: 10667330981085087720

231 Gadfly the Grave Robber (level 5, 0/61 HPs)
             Began as a Draconian Necromancer on Apr 19, 2019.
             Succumbed to a kobold's poison
             ... in a sewer.
             The game lasted 00:04:50 (2994 turns).

Gadfly the Grave Robber (Draconian Necromancer)     Turns: 2994, Time: 00:04:50

Health: 0/61       AC:  5    Str: 15    XL:     5   Next: 73%
Magic:  1/9        EV: 13    Int: 16    God:
Gold:   100        SH:  0    Dex: 12    Spells: 3/10 levels left

rFire    . . .     SeeInvis .   e - +1 mace
rCold    . . .     Gourm    .   (no shield)
rNeg     . . .     Faith    .   (armour unavailable)
rPois    .         Spirit   .   (helmet restricted)
rElec    .         Reflect  .   (no cloak)
rCorr    .         Harm     .   (no gloves)
MR       +....                  (no boots)
Stlth    ..........             (no amulet)
HPRegen  0.20/turn              i - ring of protection from magic
MPRegen  0.11/turn              (no ring)

@: berserking (expiring), lethally poisoned (0 -> -3), very quick
A: unfitting armour, cold-blooded, AC +5
a: no special abilities


You were in a sewer.
You were not hungry.

You visited 1 branch of the dungeon, and saw 3 of its levels.
You also visited: Sewer.

You collected 100 gold pieces.

Inventory:

Hand Weapons
 e - a +1 mace (weapon)
Jewellery
 i - a ring of protection from magic (left hand)
Scrolls
 a - a scroll of immolation
 g - 3 scrolls of teleportation
 j - a scroll of remove curse
Potions
 d - 2 potions of curing {unknown}
 f - a potion of flight
 h - 2 potions of brilliance
 l - a potion of agility {unknown}
 m - a potion of mutation {unknown}
 n - a potion of might {unknown}
Comestibles
 b - 2 rations
 k - 3 chunks of flesh


   Skills:
 + Level 1.8 Fighting
 + Level 1.6 Maces & Flails
 * Level 2.9 Dodging
 - Level 1.7 Stealth
 * Level 3.2 Spellcasting
 * Level 5.0 Necromancy


You had 3 spell levels left.
You knew the following spells:

 Your Spells              Type           Power        Failure   Level  Hunger
a - Pain                  Necr           ###.         2%          1    None
b - Vampiric Draining     Necr           ###.......   7%          3    ###....
c - Regeneration          Chrm/Necr      ##........   19%         3    ###....

Your spell library contained the following spells:

 Spells                   Type           Power        Failure   Level  Hunger
 Animate Skeleton         Necr           N/A          2%          1    None
 Animate Dead             Necr           N/A          22%         4    ####...


Dungeon Overview and Level Annotations

Branches:
Dungeon (3/15)

Altars:


Innate Abilities, Weirdness & Mutations

Your plain brown scales are hard. (AC +5)
You cannot fit into any form of body armour.
You are cold-blooded and may be slowed by cold attacks.


Message History

You feel sick. The big kobold hits you with a +0 whip.
* * * LOW HITPOINT WARNING * * *
You closely miss the big kobold.
Your tail-slap misses the big kobold.
The kobold hits you.
* * * LOW HITPOINT WARNING * * *
The big kobold misses you.
You barely miss the big kobold.
You feel sick. The kobold barely misses you.
The big kobold hits you with a +0 whip.
* * * LOW HITPOINT WARNING * * *
You are too berserk!
Unknown command.
You hit the kobold.
You kill the kobold!
The big kobold hits you with a +0 whip.
* * * LOW HITPOINT WARNING * * *
You sock the big kobold!
Your tail-slap misses the big kobold.
The big kobold is heavily wounded.
You closely miss the big kobold.
Your tail-slap misses the big kobold.
The big kobold is heavily wounded.
You die...

≈≈≈.≈≈
≈≈≈≈≈≈≈≈≈≈≈≈≈≈≈≈≈≈
≈≈≈≈≈≈≈≈≈≈≈≈≈≈≈≈≈≈≈
≈≈≈≈≈≈≈≈≈≈≈≈≈≈≈≈≈≈≈
≈≈≈≈≈≈≈≈≈≈≈≈≈≈≈≈≈≈
≈≈≈≈≈≈≈≈≈≈≈≈≈≈≈≈#### ##≈
.≈≈≈.≈≈≈≈≈≈≈≈≈≈≈#..#.!#≈
..........≈....≈#.....#≈
...............K@)...#
...##..÷........#.....#≈
..#####........##..#.!#≈
...######...#### ### ##≈
##..∩# ##### #####


You could see a big kobold.

Vanquished Creatures
  A big kobold (Sewer)
  5 adders
  4 river rats
  An ooze (D:2)
  4 worms
  An orc (D:3)
  3 ball pythons
  4 bats
  4 giant cockroaches
  5 goblins
  9 hobgoblins
  10 kobolds
  A quokka (D:2)
  A frilled lizard (D:3)
  23 rats
76 creatures vanquished.

Notes
Turn   | Place    | Note
-------+----------+-------------------------------------------
     0 | D:1      | Gadfly the Draconian Necromancer began the quest for the
                  | Orb.
     0 | D:1      | Reached XP level 1. HP: 14/14 MP: 3/3
   269 | D:1      | Reached XP level 2. HP: 20/22 MP: 5/5
  1393 | D:2      | Reached XP level 3. HP: 17/27 MP: 6/6
  1398 | D:2      | Learned a level 3 spell: Vampiric Draining
  1402 | D:2      | Learned a level 3 spell: Regeneration
  1815 | D:2      | Reached skill level 1 in Fighting
  2155 | D:3      | Reached skill level 1 in Maces & Flails
  2155 | D:3      | Reached XP level 4. HP: 26/35 MP: 8/8
  2331 | D:3      | Found a glowing drain.
  2375 | Sewer    | Entered a sewer
  2665 | Sewer    | Reached XP level 5. HP: 22/40 MP: 1/9
  2983 | Sewer    | Reached skill level 5 in Necromancy
  2992 | Sewer    | HP: 1/61 [big kobold/+0 whip (4)]
  2994 | Sewer    | Succumbed to a kobold's poison

Skill      XL: |  1  2  3  4  5 |
---------------+----------------+-----
Dodging        | 2 |  2.9
Fighting       | 1 |  1.8
Maces & Flails | 1 |  1.6
Spellcasting   | 3 |  3.2
Necromancy     | 5 |  5.0
Stealth        | |  1.7

Action                   |  1- 3 |  4- 6 || total
-------------------------+-------+-------++-------
Melee: Mace              |   131 |   128 ||   259
       Tailslap          |    15 |    14 ||    29
 Cast: Pain              |    13 |     2 ||    15
       Vampiric Draining |     1 |     8 ||     9
  Use: Scroll            |     8 |       ||     8
       Potion            |       |     1 ||     1
 Stab: Sleeping          |     3 |       ||     3
  Eat: Chunk             |     4 |     4 ||     8
Armor: Skin              |    43 |    33 ||    76
Dodge: Dodged            |   103 |   102 ||   205
